 Dungeon Crawl Stone Soup version 0.26-b1-32-g5d43845 (webtiles) character file.

Game seed: 10510543871015567921

1298 arb the Stinger (level 8, -3/53 (58) HPs)
             Began as a Gnoll Venom Mage on Jan 12, 2021.
             Was a Believer of Sif Muna.
             Slain by Edmund
             ... wielding a +2 flail of protection
              (8 damage)
             ... while paralysed by Grinder
             ... on level 5 of the Dungeon.
             The game lasted 00:11:03 (4024 turns).

arb the Stinger (Gnoll Venom Mage)                  Turns: 4024, Time: 00:11:04

HP:   -3/53 (58)    AC:  8    Str: 14    XL:     8   Next: 56%
MP:   17/17         EV:  2    Int: 19    God:    Sif Muna [**....]
Gold: 178           SH:  0    Dex: 16    Spells: 12/19 levels left

rFire    . . .     SeeInvis .   A - +10 rapier "Haptatum" {venom, Str+3}
rCold    . . .     Faith    .   (no shield)
rNeg     . . .     Spirit   .   d - +0 ring mail
rPois    .         Reflect  .   b - +0 helmet
rElec    .         Harm     .   y - +0 cloak
rCorr    .         Rampage  .   (no gloves)
Will     .....                  (no boots)
Stlth    ++........             c - amulet of regeneration
HPRegen  0.57/turn              i - ring of wizardry
MPRegen  0.15/turn              (no ring)

@: paralysed, drained
A: distributed training, fangs 1, strong nose
a: Renounce Religion, Channel Magic


You were on level 5 of the Dungeon.
You worshipped Sif Muna.
Sif Muna was pleased with you.
You visited 1 branch of the dungeon, and saw 6 of its levels.
You also visited: Sewer.

You collected 178 gold pieces.

Inventory:

Hand Weapons
 a - a +0 whip
 k - a +0 dagger
 u - a +0 antimagic hand axe
 A - the +10 rapier "Haptatum" (weapon) {venom, Str+3}
   (You found it on level 6 of the Dungeon)

   It poisons the flesh of those it strikes.
   It affects your strength (+3).
Missiles
 f - 36 arrows
 g - 20 bolts
Armour
 b - a +0 helmet (worn)
 d - a +0 ring mail (worn)
 o - +0 ice dragon scales
 y - a +0 cloak (worn)
Jewellery
 c - an amulet of regeneration (around neck)
 i - a ring of wizardry (left hand)
 z - an uncursed ring of flight {unknown}
Wands
 v - a wand of paralysis (5)
Scrolls
 h - 5 scrolls of magic mapping
 m - 3 scrolls of remove curse
 n - a scroll of noise {unknown}
 t - a scroll of fear {unknown}
 x - 2 scrolls of teleportation {unknown}
Potions
 e - 2 potions of cancellation
 j - 2 potions of brilliance
 l - a potion of heal wounds {unknown}
 p - a potion of degeneration {unknown}
 q - 2 potions of lignification
 r - a potion of berserk rage {unknown}
 s - a potion of flight {unknown}
 w - 2 potions of curing {unknown}
 B - 2 potions of resistance {unknown}
 C - a potion of might {unknown}


   Skills:
 + Level 3.4 Fighting
 + Level 3.4 Short Blades
 + Level 3.4 Long Blades
 + Level 3.4 Axes
 + Level 3.4 Maces & Flails
 + Level 3.4 Polearms
 + Level 3.4 Staves
 + Level 3.4 Slings
 + Level 3.4 Bows
 + Level 3.4 Crossbows
 + Level 3.4 Throwing
 + Level 3.4 Armour
 + Level 5.7 Dodging
 + Level 5.4 Stealth
 + Level 3.4 Shields
 + Level 3.4 Unarmed Combat
 + Level 6.1 Spellcasting
 + Level 2.7 Conjurations
 + Level 2.7 Hexes
 + Level 2.7 Summonings
 + Level 2.7 Necromancy
 + Level 2.7 Translocations
 + Level 3.5 Transmutations
 + Level 2.7 Fire Magic
 + Level 2.7 Ice Magic
 + Level 2.7 Air Magic
 + Level 2.7 Earth Magic
 + Level 6.2 Poison Magic
 + Level 3.7 Invocations
 + Level 3.4 Evocations


You had 12 spell levels left.
You knew the following spells:

 Your Spells              Type           Power        Failure   Level
a - Sting                 Tmut/Pois      96%          1%          1
b - Mephitic Cloud        Conj/Pois/Air  20%          5%          3
c - Ignite Poison         Fire/Tmut/Pois 21%          4%          3

Your spell library contained the following spells:

 Spells                   Type           Power        Failure   Level
 Poisonous Vapours        Pois/Air       44%          2%          2
 Olgreb's Toxic Radiance  Pois           29%          7%          4


Dungeon Overview and Level Annotations

Branches:
Dungeon (6/15)              Sewer (visited)
 Temple: D:4-7

Altars:
Ashenzari
Sif Muna

Annotations:
D:4 Robin
D:5 Edmund, Grinder


Innate Abilities, Weirdness & Mutations

Your experience applies equally to all skills.
You have very sharp teeth.
Your uncanny sense of smell can sniff out nearby items.


Message History

The wight barely misses you.
There is a stone staircase leading up here.
You climb upwards.
Level annotation: Edmund, Grinder Grinder grins, showing sharp teeth.
Grinder gestures at you.
You suddenly lose the ability to move!
The sky beast flickers out of sight!
Deactivating autopickup; reactivate with Ctrl-A.
Something hits you. Something shocks you. Edmund hits you but does no damage.
The worker ant zombie bites you but does no damage.
The ogre hits you with a cursed -3 giant club!
* * * LOW HITPOINT WARNING * * *
Grinder hits you.
* * * LOW HITPOINT WARNING * * *
You writhe in agony.
* * * LOW HITPOINT WARNING * * *
Something hits you but does no damage.
The leopard gecko hisses angrily.
Edmund hits you with a +2 flail of protection!
You die...

..#...$.# #.##<...$..
........#####..........
..........@O...#?......
........######..#
###.....# ##.##
.....#..#######<.#####
##.....Yl...l.÷.......#
##...@O##########....#
####Z@### #####
#5{..###### #.##......#
.#####.#######.#
..>l........# #.#
##.......O..# #.#######
#.......Y..# #........
#.........S# #........
#........J.###.§......


You could see Edmund, Grinder, a sky beast, an ogre, a worker ant zombie and a
leopard gecko.

Vanquished Creatures
  An orc warrior (D:6)
  An ice beast (D:4)
  6 big kobolds (Sewer)
  A scorpion (D:6)
  3 wights (D:6)
  A howler monkey (D:4)
  2 hounds
  An orc priest (D:3)
  2 orc wizards (D:6)
  2 worker ants
  8 river rats
  11 adders
  2 white imps (D:6)
  2 ufetubi (D:6)
  6 oozes
  An adder skeleton (D:4)
  7 worms
  6 leopard geckos
  4 orcs (D:3)
  A bat zombie (D:1)
  2 giant cockroaches
  5 goblins
  9 hobgoblins
  5 jackals
  8 kobolds
  A quokka (D:3)
  3 ball pythons (Sewer)
  11 bats
  3 frilled lizards
  A jackal zombie (D:1)
  A quokka skeleton (D:6)
  6 rats
123 creatures vanquished.

Notes
Turn   | Place    | Note
-------+----------+-------------------------------------------
     0 | D:1      | arb the Gnoll Venom Mage began the quest for the Orb.
     0 | D:1      | Reached XP level 1. HP: 13/13 MP: 6/6
   325 | D:1      | Reached XP level 2. HP: 19/19 MP: 4/7
   591 | D:1      | Reached XP level 3. HP: 25/25 MP: 5/9
   603 | D:1      | Reached skill level 5 in Spellcasting
  1142 | D:1      | Learned a level 3 spell: Mephitic Cloud
  1201 | D:2      | Reached skill level 1 in Invocations
  1345 | D:2      | Reached skill level 1 in Fighting
  1345 | D:2      | Reached skill level 1 in Short Blades
  1345 | D:2      | Reached skill level 1 in Long Blades
  1345 | D:2      | Reached skill level 1 in Axes
  1345 | D:2      | Reached skill level 1 in Maces & Flails
  1345 | D:2      | Reached skill level 1 in Polearms
  1345 | D:2      | Reached skill level 1 in Staves
  1345 | D:2      | Reached skill level 1 in Slings
  1345 | D:2      | Reached skill level 1 in Bows
  1345 | D:2      | Reached skill level 1 in Crossbows
  1345 | D:2      | Reached skill level 1 in Throwing
  1345 | D:2      | Reached skill level 1 in Armour
  1345 | D:2      | Reached skill level 1 in Shields
  1345 | D:2      | Reached skill level 1 in Unarmed Combat
  1345 | D:2      | Reached skill level 1 in Evocations
  1452 | D:2      | Reached XP level 4. HP: 32/32 MP: 6/11
  1527 | D:2      | Learned a level 3 spell: Ignite Poison
  1663 | D:2      | Found a shimmering blue altar of Sif Muna.
  1865 | D:2      | Became a worshipper of Sif Muna the Loreminder
  2054 | D:3      | Reached skill level 1 in Conjurations
  2054 | D:3      | Reached skill level 1 in Hexes
  2054 | D:3      | Reached skill level 1 in Summonings
  2054 | D:3      | Reached skill level 1 in Necromancy
  2054 | D:3      | Reached skill level 1 in Translocations
  2054 | D:3      | Reached skill level 1 in Fire Magic
  2054 | D:3      | Reached skill level 1 in Ice Magic
  2054 | D:3      | Reached skill level 1 in Air Magic
  2054 | D:3      | Reached skill level 1 in Earth Magic
  2074 | D:3      | Found a broken altar of Ashenzari.
  2327 | D:3      | Reached XP level 5. HP: 37/37 MP: 9/12
  2628 | D:3      | You fall into a shaft and drop 3 floors!
  2739 | D:6      | Noticed an orc warrior
  2751 | D:6      | Noticed a sky beast
  2758 | D:6      | Reached XP level 6. HP: 44/44 MP: 3/13
  2769 | D:5      | Entered Level 5 of the Dungeon
  2769 | D:5      | Noticed Grinder
  2769 | D:5      | Noticed an ice beast
  2781 | D:5      | Noticed a sky beast
  2784 | D:5      | Noticed a sky beast
  2900 | D:4      | Killed an ice beast
  2901 | D:4      | Reached skill level 5 in Dodging
  2970 | D:4      | Reached * piety under Sif Muna
  2971 | D:4      | Reached XP level 7. HP: 44/50 MP: 12/15
  3102 | D:4      | Noticed Robin
  3127 | D:5      | Noticed Edmund
  3154 | D:6      | Got an ivory rapier
  3155 | D:6      | Identified the +10 rapier "Haptatum" {venom, Str+3} (You
                  | found it on level 6 of the Dungeon)
  3253 | D:6      | Found a glowing drain.
  3258 | Sewer    | Entered a sewer
  3289 | Sewer    | Reached skill level 5 in Stealth
  3411 | Sewer    | Reached XP level 8. HP: 57/57 MP: 16/16
  3632 | Sewer    | Reached ** piety under Sif Muna
  4023 | D:5      | Paralysed by Grinder for 4 turns
  4024 | D:5      | Slain by Edmund

Illustrated notes

Levels and vault maps discovered:
D:1:      saegor_arrival_fortress, layout_basic, serial_forest,
          infiniplex_forest_clump_small, infiniplex_forest_straight_5,
          infiniplex_forest_clump_tiny, infiniplex_forest_straight_3,
          infiniplex_forest_lined_ring, infiniplex_forest_lined_3,
          infiniplex_forest_diagonal
D:2:      layout_loops_ring, nicolae_overflow_crystal_walls,
          kennysheep_big_empty_room
D:3:      layout_loops_ring, nicolae_ashenzari_panopticon, marbit_many_paths,
          minmay_quadrilaterals
D:4:      layout_loops_ring, minivault_11, uniq_robin
D:5:      layout_rooms, minmay_temple_entry_proselytizer, item_on_display_a,
          uniq_grinder, uniq_edmund, uniq_crazy_yiuf_cottage
D:6:      minmay_angry_zag, layout_cave_pools, lemuel_crystal_altar,
          amethyst_overflow_temple_binary, lightli_sewer_entry_pipes,
          ebering_ghost_disaster_area, minmay_fountain_box, uniq_menkaure

Skill      XL: |  1  2  3  4  5  6  7  8 |
---------------+-------------------------+-----
Transmutations | 2 3 |  3.5
Spellcasting   | 5 6 |  6.1
Invocations    | 1 2 3 |  3.7
Fighting       | 1 2 3 |  3.4
Short Blades   | 1 2 3 |  3.4
Long Blades    | 1 2 3 |  3.4
Axes           | 1 2 3 |  3.4
Maces & Flails | 1 2 3 |  3.4
Polearms       | 1 2 3 |  3.4
Staves         | 1 2 3 |  3.4
Slings         | 1 2 3 |  3.4
Bows           | 1 2 3 |  3.4
Crossbows      | 1 2 3 |  3.4
Throwing       | 1 2 3 |  3.4
Armour         | 1 2 3 |  3.4
Shields        | 1 2 3 |  3.4
Unarmed Combat | 1 2 3 |  3.4
Evocations     | 1 2 3 |  3.4
Conjurations   | 1 2 |  2.7
Hexes          | 1 2 |  2.7
Summonings     | 1 2 |  2.7
Necromancy     | 1 2 |  2.7
Translocations | 1 2 |  2.7
Fire Magic     | 1 2 |  2.7
Ice Magic      | 1 2 |  2.7
Air Magic      | 1 2 |  2.7
Earth Magic    | 1 2 |  2.7
Dodging        | 5 |  5.7
Stealth        | 5 |  5.4
Poison Magic   | 6 |  6.2

Action                   |  1- 3 |  4- 6 |  7- 9 || total
-------------------------+-------+-------+-------++-------
Melee: Whip              |    62 |    72 |    25 ||   159
       Club              |     1 |       |       ||     1
       Dagger            |     1 |       |       ||     1
       Bite              |     3 |     7 |    14 ||    24
       Rapier            |       |       |   160 ||   160
       Punch             |       |       |     2 ||     2
 Cast: Sting             |    52 |    63 |     4 ||   119
       Mephitic Cloud    |       |     2 |       ||     2
  Use: Scroll            |       |       |     5 ||     5
 Stab: Sleeping          |     1 |       |     4 ||     5
Armor: Robe              |     3 |       |       ||     3
       Ring mail         |    25 |    31 |    52 ||   108
Dodge: Dodged            |    68 |   102 |   126 ||   296
